 Dungeon Crawl Stone Soup version 0.29.0-13-gc9e81de378 (webtiles) character file.

Game seed: 1194796436506762730

1187 Zeus21348 the Cleaver (level 8, 0/68 HPs)
             Began as a Hill Orc Fighter on Sept 10, 2022.
             Slain by Prince Ribbit (14 damage)
             ... on level 5 of the Dungeon.
             The game lasted 00:05:25 (5846 turns).

Zeus21348 the Cleaver (Hill Orc Fighter)            Turns: 5846, Time: 00:05:25

Health: 0/68       AC: 13    Str: 19    XL:     8   Next: 43%
Magic:  8/8        EV:  2    Int: 10    God:
Gold:   232        SH: 14    Dex: 10    Spells: 7/7 levels left

rFire   . . .      SeeInvis .   d - +2 war axe
rCold   . . .      Faith    .   a - +2 tower shield
rNeg    . . .      Spirit   .   o - +0 plate armour
rPois   .          Reflect  .   (no helmet)
rElec   .          Harm     .   (no cloak)
rCorr   .          Rampage  .   (no gloves)
Will    .....                   k - +0 pair of boots
Stlth   ..........              (no amulet)
HPRegen 0.21/turn               (no ring)
MPRegen 0.11/turn               (no ring)

@: no status effects
A: no striking features
a: no special abilities


You were on level 5 of the Dungeon.
You visited 1 branch of the dungeon, and saw 5 of its levels.

You collected 232 gold pieces.

Inventory:

Hand Weapons
 d - a +2 war axe (weapon)
Armour
 a - a +2 tower shield (worn)
 k - a +0 pair of boots (worn)
 o - a +0 plate armour (worn)
Scrolls
 e - 2 scrolls of identify
Potions
 f - a potion of haste
 h - a potion of mutation
 l - a potion of flight
 n - a potion of brilliance


   Skills:
 + Level 5.2 Fighting
 * Level 10.5 Axes
 + Level 5.7 Armour
 + Level 4.2 Shields


You had 7 spell levels left.
You didn't know any spells.
Your spell library contained the following spells:

 Spells                   Type           Power      Damage    Failure   Level
 Apportation              Tloc           0%         N/A       100%        1
 Ensorcelled Hibernation  Hex/Ice        0%         N/A       100%        2
 Passwall                 Tmut/Erth      0%         N/A       100%        2
 Static Discharge         Conj/Air       0%         3-3/arc   100%        2
 Swiftness                Air            0%         N/A       100%        3
 Alistair's Intoxication  Tmut/Pois      0%         N/A       100%        5
 Lightning Bolt           Conj/Air       0%         1d11      100%        5
 Maxwell's Capacitive Co  Air            0%         ∞         100%        8


Dungeon Overview and Level Annotations

Branches:
Dungeon (5/15)
 Temple: D:4-7

Altars:
Makhleb
Ru
Wu Jian

Shops:
D:2 =

Annotations:
D:3 Pikel
D:5 1 runed translucent door, Prince Ribbit; paps's ghost, weakling OpDe


Message History

Prince Ribbit is severely wounded.
Prince Ribbit hits you but does no damage.
You block Prince Ribbit's attack.
You miss Prince Ribbit.
Prince Ribbit is severely wounded.
You block Prince Ribbit's attack. Prince Ribbit hits you!
* * * LOW HITPOINT WARNING * * *
You hit Prince Ribbit.
Prince Ribbit is almost dead.
You block Prince Ribbit's attack. Prince Ribbit hits you.
* * * LOW HITPOINT WARNING * * *
You hit Prince Ribbit.
Prince Ribbit is almost dead.
Prince Ribbit croaks regally.
Prince Ribbit hits you.
* * * LOW HITPOINT WARNING * * *
Prince Ribbit hits you but does no damage.
You miss Prince Ribbit.
Prince Ribbit is almost dead.
Prince Ribbit barely misses you. You block Prince Ribbit's attack.
You miss Prince Ribbit.
Prince Ribbit is almost dead.
Prince Ribbit blinks!
You start resting.
Prince Ribbit is nearby!
Prince Ribbit blinks!
Prince Ribbit blinks!
Okay, then.
Prince Ribbit blinks!
Prince Ribbit hits you.
* * * LOW HITPOINT WARNING * * *
Prince Ribbit completely misses you.
You completely miss Prince Ribbit.
Prince Ribbit is almost dead.
You block Prince Ribbit's attack.
Prince Ribbit hits you but does no damage.
You closely miss Prince Ribbit.
Prince Ribbit is almost dead.
You block Prince Ribbit's attack. Prince Ribbit hits you!
You die...

###.#.## ## .....$... .
.........# .# #+
....#.#..# .#...
..........# ..'..
..........##..#..
.)............#.#
.#..#.#......).@.....#
.............#F##...##)
........................
.....#.#......#.#.......
................#....###
<.............#......#
..#...........#......#
..............#.........#
.........#..#.#.........#


You could see Prince Ribbit.

Vanquished Creatures
  A yak (D:5)
  Sigmund (D:3)
  Menkaure (D:4)
  An ice beast (D:4)
  4 lemures (D:4)
  4 scorpions
  2 wights (D:5)
  A jelly (D:5)
  3 hounds
  2 iguanas
  An orc wizard (D:5)
  3 adders
  A gnoll (D:5)
  A white imp (D:5)
  4 worms (D:4)
  3 dart slugs
  3 orcs
  6 ball pythons
  2 endoplasms
  3 giant cockroaches
  7 goblins
  7 hobgoblins
  8 jackals
  8 kobolds
  3 quokkas
  8 bats
  A frilled lizard (D:1)
  3 rats
92 creatures vanquished.

Notes
Turn   | Place    | Note
-------+----------+-------------------------------------------
     0 | D:1      | Zeus21348 the Hill Orc Fighter began the quest for the Orb.
     0 | D:1      | Reached XP level 1. HP: 19/19 MP: 1/1
    34 | D:1      | Reached skill level 3 in Axes
    34 | D:1      | Reached XP level 2. HP: 27/27 MP: 2/2
   336 | D:1      | Reached XP level 3. HP: 33/33 MP: 3/3
   687 | D:2      | Found Popadut's Jewellery Emporium.
   751 | D:2      | Reached skill level 4 in Axes
   990 | D:2      | You fall into a shaft and drop 2 floors!
  1156 | D:4      | Reached XP level 4. HP: 24/40 MP: 4/4
  1295 | D:4      | Found a sacrificial altar of Ru.
  1401 | D:3      | Noticed Sigmund
  1422 | D:3      | Killed Sigmund
  1423 | D:3      | Reached skill level 6 in Axes
  1423 | D:3      | Reached XP level 5. HP: 33/46 MP: 5/5
  1707 | D:3      | Found an ornate altar of the Wu Jian Council.
  1909 | D:3      | Found a burning altar of Makhleb.
  2032 | D:3      | Reached XP level 6. HP: 52/52 MP: 6/6
  2184 | D:4      | HP: 2/52 [goblin/+0 dagger of electrocution (14)]
  2627 | D:4      | Noticed Pikel
  3556 | D:4      | Noticed Menkaure
  3564 | D:4      | Killed Menkaure
  3565 | D:4      | Reached skill level 7 in Axes
  4661 | D:5      | Entered Level 5 of the Dungeon
  4661 | D:5      | Found a runed translucent door.
  4667 | D:4      | Reached XP level 7. HP: 39/60 MP: 7/7
  4675 | D:4      | Reached skill level 8 in Axes
  5375 | D:5      | Noticed a yak
  5395 | D:5      | Killed a yak
  5396 | D:5      | Reached skill level 9 in Axes
  5396 | D:5      | Reached skill level 5 in Armour
  5525 | D:4      | Reached skill level 5 in Fighting
  5525 | D:4      | Reached XP level 8. HP: 60/68 MP: 8/8
  5605 | D:5      | Noticed paps's ghost (weakling OpDe)
  5679 | D:5      | Reached skill level 10 in Axes
  5793 | D:5      | Noticed Prince Ribbit
  5846 | D:5      | Slain by Prince Ribbit

Illustrated notes

Levels and vault maps discovered:
D:1:      psy_arrival_spokes, layout_basic
D:2:      layout_basic, hellmonk_ecumenical_altar_heavens_door, serial_shops,
          nicolae_shop_advertising_works [nicolae_subvault_shop_adworks]
D:3:      layout_loops_cross, lightli_temple_of_fire, general_overflow_altar,
          uniq_sigmund
D:4:      layout_gridville, lemuel_crystal_altar, uniq_pikel, uniq_menkaure
D:5:      cheibrodos_fzero, layout_basic, hellmonk_ghost_happy_afterlife,
          minmay_bent, uniq_crazy_yiuf_cottage, uniq_prince_ribbit1,
          uniq_eustachio

Skill      XL: |  1  2  3  4  5  6  7  8 |
---------------+-------------------------+-----
Axes           | 3 4 6 7 9 10 | 10.5
Fighting       | 4 5 |  5.2
Armour         | 4 5 |  5.7
Shields        | 4 |  4.2

Action                   |  1- 3 |  4- 6 |  7- 9 || total
-------------------------+-------+-------+-------++-------
Melee: War axe           |   109 |   132 |   110 ||   351
  Use: Potion            |       |     5 |       ||     5
       Scroll            |       |     9 |       ||     9
Armor: Scale mail        |    65 |    23 |       ||    88
       Plate armour      |       |    61 |    68 ||   129
Dodge: Dodged            |    64 |    39 |    29 ||   132
Block: Buckler           |    25 |    33 |    16 ||    74
       Tower shield      |       |       |    24 ||    24
